 Dungeon Sprint DCSS version 0.30-a0-1161-g0704695555 (webtiles) character file.

Game seed: 13474931890480278135

14030 sircluck the Executioner (level 12, -4/201 HPs)
             Began as a Hill Orc Berserker on Apr 27, 2023.
             Was the Champion of Trog.
             Killed by divine providence
             ... invoked by a royal mummy
              (12 damage)
             ... in the Dungeon (Sprint V: "Ziggurat Sprint").
             The game lasted 00:05:08 (403 turns).

sircluck the Executioner (Hill Orc Berserker)        Turns: 403, Time: 00:05:09

Health: -4/201     AC: 37    Str: 37    XL:     12   Next: 12%
Magic:  12/12      EV:  9    Int:  7    God:    Trog [******]
Gold:   0          SH: 29    Dex: 10    Spells: 11/11 levels left

rFire   . . .        t - +16 obsidian axe {drain, demonic, Mesm Drain Fly SInv}
rCold   . . .        v - +18 shield of the Gong {Loud rN+ Will+ rCorr EV-5}
rNeg    + . .        u - +15 Maxwell's patent armour {-Cast -Tele rElec Will+ rCorr}
rPois   .            (no helmet)
rElec   +            z - +1 cloak of Starlight {*Dazzle EV+4 Stlth--}
rCorr   +            (no gloves)
SInv    +            F - +2 pair of boots {Fly}
Will    ++...        E - amulet of regeneration Stlth
                     q - +6 ring of strength
HPRegen 0.53/turn    r - +6 ring of strength
MPRegen 0.13/turn

%: no teleportation, no spellcasting
@: berserking, flying, mesmerised, slowed
A: no striking features
a: Renounce Religion, Berserk, Trog's Hand, Brothers in Arms


You were in the Dungeon.
You worshipped Trog.
Trog was exalted by your worship.
You visited 1 branch

Inventory:

Hand Weapons
 a - a +0 hand axe
 t - the +16 obsidian axe (weapon) {drain, demonic, Mesm Drain Fly SInv}
   (You found it in the Dungeon)

   Mesm:      Its wielder is mesmerised by any visible foes, and it cannot be
   unequipped while any foes are visible.
   SInv:      It lets you see invisible.
   Fly:       It grants you flight.
   Drain:     It drains your maximum health when unequipped.
Armour
 b - a +0 animal skin
 o - the +7 Kryia's mail coat {PotionHeal*2 rC+}
   (You found it in the Dungeon)

   PotionHeal*2: Potions heal its wearer twice as much.
   rC:        It protects you from cold.
 u - the +15 Maxwell's patent armour (worn) {-Cast -Tele rElec Will+ rCorr}
   (You found it in the Dungeon)

   rElec:     It insulates you from electricity.
   -Cast:     It prevents spellcasting.
   -Tele:     It prevents most forms of teleportation.
   rCorr:     It protects you from acid and corrosion.
   Will:      It increases your willpower.
 v - the +18 shield of the Gong (worn) {Loud rN+ Will+ rCorr EV-5}
   (You found it in the Dungeon)

   Loud:      It is deafeningly noisy when blocking attacks.
   EV:        It affects your evasion (-5).
   rN:        It protects you from negative energy.
   rCorr:     It protects you from acid and corrosion.
   Will:      It increases your willpower.
 z - the +1 cloak of Starlight (worn) {*Dazzle EV+4 Stlth--}
   (You found it in the Dungeon)

   *Dazzle:   It may blind those who miss an attack against the wearer in melee
   combat.
   EV:        It affects your evasion (+4).
   Stlth:     It makes you much less stealthy.
 F - a +2 pair of boots of flying (worn)
Jewellery
 l - a ring of flight
 m - a +6 ring of dexterity
 n - a +6 ring of dexterity
 p - a +6 ring of intelligence
 q - a +6 ring of strength (left hand)
 r - a +6 ring of strength (right hand)
 B - the ring of the Komtur {Contam Fly Dex+9}
   (You found it in the Dungeon)

   [ring of flight]

   Dex:       It affects your dexterity (+9).
   Fly:       It grants you flight.
   Contam:    It causes magical contamination when unequipped.
 C - a ring of poison resistance
 D - a ring of see invisible
 E - an amulet of regeneration (around neck)
Wands
 i - a wand of mindburst (12)
 j - a wand of iceblast (17)
 k - a wand of light (12)
 s - a wand of digging (7)
 x - a wand of paralysis (4)
 y - a wand of polymorph (4)
Scrolls
 h - a scroll of blinking
 w - 3 scrolls of brand weapon
Potions
 c - a potion of curing
 d - a potion of heal wounds
 e - a potion of haste
 f - 2 potions of magic
 g - a potion of berserk rage


   Skills:
 + Level 20.3 Fighting
 + Level 23.5 Axes
 + Level 12.9 Armour
 + Level 5.8 Dodging
 + Level 3.0 Stealth
 + Level 10.5 Shields


You had 11 spell levels left.
You didn't know any spells.
Your spell library was empty.

Dungeon Overview and Level Annotations

Branches:
Dungeon (1/1)

Altars:
Ashenzari
Cheibriados
Dithmenos
Elyvilon
Fedhas
Gozag
Hepliaklqana
Kikubaaqudgha
Makhleb
Nemelex Xobeh
Okawaru
Qazlal
Ru
Sif Muna
Trog
Uskayaw
Vehumet
Wu Jian
Xom
Yredelemnul
Zin
The Shining One
Beogh
Jiyva
Lugonu

Annotations:
D 1 transporter


Message History

Something smites you!
* * * LOW HITPOINT WARNING * * *
The royal mummy hits your soul eater!
You swap places.
Your rust devil barely misses the mummy priest.
You block the royal mummy's attack.
GONNNNG!
You swap places.
You feel a strong urge to attack something.
Visions of slaying the mummy priest flood into your mind.
The mummy priest closely misses you.
Your rust devil hits the mummy priest.
Your rust devil corrodes the mummy priest!
Your sun demon hits the mummy priest!!
The mummy priest is engulfed in flames!
The royal mummy hits you but does no damage.
Unknown command.
You slice the royal mummy!!
The royal mummy is moderately damaged.
You slice the mummy priest!!
You are no longer entranced.
You destroy the mummy priest!
Trog accepts your kill.
You feel extremely nervous for a moment...
Your body is wracked with pain!
* * * LOW HITPOINT WARNING * * *
Visions of slaying the royal mummy flood into your mind.
Your soul eater hits the royal mummy!
Your rust devil hits the royal mummy.
Your rust devil corrodes the royal mummy!
You slice the royal mummy like a ripe choko!!!
The royal mummy is severely damaged.
The royal mummy hits you!
* * * LOW HITPOINT WARNING * * *
Your sun demon hits the royal mummy!!
The royal mummy is engulfed in flames!
Your soul eater barely misses the royal mummy.
You slice the royal mummy!!
The royal mummy is almost destroyed.
Your rust devil hits the royal mummy.
The royal mummy seems to be corroded for longer.
The royal mummy casts a spell at you. Something smites you!
You die...

▓....©....▓...©...▓
▓▓▓▓▓▓▓▓▓▓▓▓▓▓▓▓▓▓▓
▓...8©8...▓
▓../"//)..▓
▓...?|[[..▓
▓.........▓
▓...§.....▓
▓..†.43...▓
▓.....@M4.▓
▓.▓..)33▓.▓
▓....©....▓
▓▓▓▓▓▓▓▓▓▓▓


You could see a royal mummy (mesmerising, corroded, ally target), a friendly
soul eater (summoned), 2 friendly sun demons and 2 friendly rust devils.

Vanquished Creatures
  An Executioner (D)
  A mummy priest (D)
  2 dancing weapons (D)
  A death scarab (D)
  A deep elf knight (D)
  A glowing orange brain (shapeshifter) (D)
  3 deep elf zephyrmancers (D)
  2 deep elf pyromancers (D)
  A cyclops (D)
  2 guardian mummies (D)
  2 hornets (D)
  A tarantella (D)
  4 spriggans (D)
  An orc warrior (D)
  An ogre (D)
  2 wolves (D)
  A scorpion (D)
  An earth elemental (D)
  A quasit (D)
  2 orc priests (D)
  2 mummies (D)
  A shadow imp (D)
  An ufetubus (D)
  3 orcs (D)
  A ball python zombie (D)
  A starspawn tentacle (D)
40 creatures vanquished.

Vanquished Creatures (collateral kills)
  A tentacled starspawn (D)
  2 two-headed ogres (D)
  A death scarab (D)
  A sixfirhy (D)
  A deep elf zephyrmancer (D)
  A worldbinder (D)
  A hornet (D)
  A flying skull (D)
  2 spriggans (D)
  A crimson imp (D)
  A quasit (D)
  An orc priest (D)
  2 ufetubi (D)
  An adder skeleton (D)
17 creatures vanquished.

Vanquished Creatures (others)
  A starspawn tentacle (D)
1 creature vanquished.

Grand Total: 58 creatures vanquished

Notes
Turn   | Place    | Note
-------+----------+-------------------------------------------
     0 | D        | sircluck the Hill Orc Berserker began the quest for the
                  | Orb.
     0 | D        | Reached XP level 1. HP: 19/19 MP: 1/1
     0 | D        | Found a shimmering blue altar of Sif Muna.
     0 | D        | Found a bloodstained altar of Trog.
     0 | D        | Found a sacrificial altar of Ru.
     0 | D        | Found a stormy altar of Qazlal.
     0 | D        | Found an iron altar of Okawaru.
     4 | D        | Found a sparkling altar of Nemelex Xobeh.
     4 | D        | Found the +6 Majin-Bo {spellvamp, MP+6 Int+6}
     4 | D        | Found the +27 heavy crossbow "Sniper" {heavy, Acc+∞ SInv}
     4 | D        | Found the +10 dark maul {heavy}
     4 | D        | Found the +15 Maxwell's patent armour {-Cast -Tele rElec
                  | Will+ rCorr}
     4 | D        | Found the +18 shield of the Gong {Loud rN+ Will+ rCorr
                  | EV-5}
     4 | D        | Found the +16 obsidian axe {drain, demonic, Mesm Drain Fly
                  | SInv}
     4 | D        | Found the +7 great mace "Firestarter" {flame, immolate,
                  | rFlCloud rF++}
     4 | D        | Found the +6 shillelagh "Devastator" {shatter}
     4 | D        | Found the +11 plutonium sword {Contam Stlth-}
     4 | D        | Found the +8 lance "Wyrmbane" {slay drac, rPois rF+ rC+
                  | AC+3}
     4 | D        | Found the +9 sword of Zonguldrok {reap}
     4 | D        | Found the +13 scythe of Curses {drain, curses, Drain}
     4 | D        | Found the +9 sword of Power {lifebolt}
     4 | D        | Found the +7 mace of Variability {chaos, chaos arc}
     4 | D        | Found the +11 Singing Sword {sonic wave}
     4 | D        | Found the +8 storm bow {elec, penet}
     4 | D        | Banished a spatial maelstrom
     6 | D        | Found a corrupted altar of Lugonu.
     6 | D        | Found an ancient bone altar of Kikubaaqudgha.
     6 | D        | Found a burning altar of Makhleb.
     6 | D        | Found a transporter.
     6 | D        | Found a viscous altar of Jiyva.
     6 | D        | Found a hazy altar of Hepliaklqana.
    18 | D        | Found an opulent altar of Gozag.
    19 | D        | Found a blossoming altar of Fedhas.
    55 | D        | Entered arena 2.
    55 | D        | Noticed a tarantella
    55 | D        | Noticed a scorpion
    55 | D        | Found a transporter.
    57 | D        | Killed a scorpion
    58 | D        | Reached skill level 7 in Axes
    58 | D        | Reached XP level 2. HP: 31/31 MP: 2/2
    58 | D        | Reached XP level 3. HP: 38/38 MP: 3/3
    58 | D        | Killed a tarantella
    59 | D        | Reached skill level 10 in Axes
    59 | D        | Reached skill level 1 in Shields
    59 | D        | Reached XP level 4. HP: 51/51 MP: 4/4
    59 | D        | Reached XP level 5. HP: 58/58 MP: 5/5
    59 | D        | Reached XP level 6. HP: 66/66 MP: 6/6
    63 | D        | Entered arena 3.
    63 | D        | Noticed a tentacled starspawn
    63 | D        | Found a transporter.
    66 | D        | Reached ** piety under Trog
    68 | D        | Killed a tentacled starspawn
    69 | D        | Reached skill level 15 in Axes
    69 | D        | Reached XP level 7. HP: 57/80 MP: 7/7
    69 | D        | Reached XP level 8. HP: 63/88 MP: 8/8
   143 | D        | Entered arena 4.
   143 | D        | Noticed a two-headed ogre
   143 | D        | Noticed a cyclops
   143 | D        | Noticed a two-headed ogre
   143 | D        | Found a transporter.
   145 | D        | Killed a two-headed ogre
   146 | D        | Reached skill level 17 in Axes
   146 | D        | Reached skill level 5 in Dodging
   146 | D        | Reached skill level 1 in Stealth
   146 | D        | Reached XP level 9. HP: 96/96 MP: 9/9
   147 | D        | Reached *** piety under Trog
   147 | D        | Killed a two-headed ogre
   148 | D        | Reached skill level 15 in Fighting
   148 | D        | Reached skill level 18 in Axes
   149 | D        | Killed a cyclops
   188 | D        | Entered arena 5.
   188 | D        | Found a transporter.
   190 | D        | Reached **** piety under Trog
   199 | D        | Entered arena 6.
   199 | D        | Noticed a deep elf zephyrmancer
   199 | D        | Noticed a deep elf pyromancer
   199 | D        | Noticed a deep elf zephyrmancer
   199 | D        | Noticed a deep elf zephyrmancer
   199 | D        | Noticed a +6 heavy scimitar
   199 | D        | Found a transporter.
   202 | D        | Killed a +6 heavy scimitar
   203 | D        | Reached skill level 19 in Axes
   203 | D        | Reached skill level 5 in Shields
   203 | D        | Reached XP level 10. HP: 107/107 MP: 10/10
   204 | D        | Killed a deep elf zephyrmancer
   204 | D        | Reached ***** piety under Trog
   206 | D        | Killed a deep elf pyromancer
   207 | D        | Killed a deep elf zephyrmancer
   207 | D        | Killed a deep elf zephyrmancer
   207 | D        | Received a gift from Trog
   208 | D        | Reached skill level 20 in Axes
   208 | D        | Reached skill level 10 in Armour
   243 | D        | Entered arena 7.
   243 | D        | Found the +1 cloak of Starlight {*Dazzle EV+4 Stlth--}
   243 | D        | Noticed an Executioner
   243 | D        | Noticed a sixfirhy
   243 | D        | Noticed a worldbinder
   244 | D        | Killed a sixfirhy
   246 | D        | Found a transporter.
   247 | D        | Killed an Executioner
   248 | D        | Reached skill level 21 in Axes
   248 | D        | Reached XP level 11. HP: 117/119 MP: 11/11
   248 | D        | Killed a worldbinder
   268 | D        | Entered arena 8.
   268 | D        | Noticed a deep elf zephyrmancer
   268 | D        | Noticed a deep elf pyromancer
   268 | D        | Noticed a +2 battleaxe of venom
   268 | D        | Noticed a deep elf knight
   269 | D        | Found a transporter.
   269 | D        | a slime creature changed into a bunyip
   269 | D        | Noticed a bunyip (glowing shapeshifter)
   275 | D        | Killed a +2 battleaxe of venom
   275 | D        | Reached ****** piety under Trog
   275 | D        | a bunyip changed into a moth of wrath
   275 | D        | Noticed a moth of wrath (glowing shapeshifter)
   276 | D        | a moth of wrath changed into a glowing orange brain
   276 | D        | Noticed a glowing orange brain (glowing shapeshifter)
   278 | D        | Killed a deep elf knight
   278 | D        | Killed a glowing orange brain
   279 | D        | Reached skill level 22 in Axes
   282 | D        | Killed a deep elf pyromancer
   282 | D        | Received a gift from Trog
   286 | D        | Killed a deep elf zephyrmancer
   293 | D        | Got the ring of the Komtur {Contam Fly Dex+9}
   300 | D        | Entered arena 9.
   301 | D        | Found a transporter.
   307 | D        | Received a gift from Trog
   348 | D        | Entered arena 10.
   348 | D        | Found the +7 Kryia's mail coat {PotionHeal*2 rC+}
   348 | D        | Noticed a spriggan rider
   348 | D        | Noticed a spriggan rider
   348 | D        | Noticed a spriggan rider
   349 | D        | Found a transporter.
   355 | D        | Received a gift from Trog
   385 | D        | Entered arena 11.
   385 | D        | Found the -2 hat of the Alchemist {rElec rPois rF+ rC+ rN+
                  | Will+ rMut rCorr}
   385 | D        | Found the brooch of Shielding {Spirit SH+8}
   385 | D        | Noticed a death scarab
   385 | D        | Noticed a royal mummy
   385 | D        | Noticed a death scarab
   385 | D        | Noticed a mummy priest
   386 | D        | Noticed a death scarab
   386 | D        | Noticed a death scarab
   386 | D        | Noticed a death scarab
   387 | D        | Found a transporter.
   388 | D        | Killed a death scarab
   389 | D        | Reached skill level 23 in Axes
   389 | D        | Killed a death scarab
   392 | D        | Noticed a jiangshi
   393 | D        | Reached skill level 10 in Shields
   393 | D        | Reached XP level 12. HP: 96/133 MP: 12/12
   398 | D        | Received a gift from Trog
   401 | D        | Killed a mummy priest
   402 | D        | HP: 8/201 [royal mummy (12)]
   403 | D        | Killed from afar by a royal mummy

Illustrated notes

Levels and vault maps discovered:
D:        sprint_v [room_start, room_1, room_2, room_3, room_4, room_5, room_6,
          room_7, room_8, room_9, room_10, room_11, room_12, room_13, room_14,
          room_15, room_16, room_17, room_18, room_19, room_20, room_21,
          room_22, room_23, room_24, room_25, room_26, room_27]

Skill      XL: |  1  2  3  4  5  6  7  8  9 10 11 12 |
---------------+-------------------------------------+-----
Fighting       | 6 9 13 14 16 18 20 | 20.3
Axes           | 7 10 15 17 19 21 23 | 23.5
Armour         | 3 4 7 8 9 11 12 | 12.9
Dodging        | 2 3 4 5 |  5.8
Shields        | 1 3 4 5 6 10 | 10.5
Stealth        | 1 2 3 |  3.0

Action                     |  1- 3 |  4- 6 |  7- 9 | 10-12 || total
---------------------------+-------+-------+-------+-------++-------
  Melee: Broad axe         |     2 |     3 |     6 |    44 ||    55
 Invoke: Berserk           |       |       |     2 |     1 ||     3
         Brothers in Arms  |       |       |       |     1 ||     1
   Stab: Distracted        |       |     1 |       |       ||     1
 Armour: Plate armour      |     2 |     1 |     4 |    12 ||    19
  Dodge: Dodged            |       |       |       |     3 ||     3
  Block: Kite shield       |     3 |     4 |     5 |    47 ||    59

Table legend: (Time is in decaauts)
 A = Elapsed time spent in this place.
 B = Non-inter-level travel time spent in this place.
 C = Inter-level travel time spent in this place.
 D = Time resting spent in this place.
 E = Time spent auto-exploring this place.
 F = Levels seen in this place.
 G = Mean time per level.
                   A        B        C        D        E       F      G
               +--------+--------+--------+--------+--------+-----+--------+
         Total |    406 |    406 |      0 |    107 |      0 |   1 |  406.0 |
       Dungeon |    406 |    406 |      0 |    107 |      0 |   1 |  406.0 |
               +--------+--------+--------+--------+--------+-----+--------+

Top non-repeatable levels by time:
       D: 406 daAuts
